 Dungeon Crawl Stone Soup version 0.19.5 (webtiles) character file.

16 equalderp2856 the Caller (level 2, 0/11 HPs)
             Began as a Felid Summoner on Mar 31, 2017.
             Slain by a kobold
             ... wielding a +0 whip
              (6 damage)
             ... on level 2 of the Dungeon.
             The game lasted 00:01:49 (1449 turns).

equalderp2856 the Caller (Felid Summoner)           Turns: 1449, Time: 00:01:49

Health: 0/11       AC:  1    Str:  4    XL:     2   Next: 41%
Magic:  6/6        EV: 18    Int: 16    God:
Gold:   51         SH:  0    Dex: 16    Spells: 1 memorised, 4 levels left
                                        Lives:  0   Deaths: 0

rFire  . . .     SeeInvis +     (weapon unavailable)
rCold  . . .     Gourm    .     (armour unavailable)
rNeg   . . .     Faith    .     (shield unavailable)
rPois  .         Spirit   .     (helmet unavailable)
rElec  .         Reflect  .     (cloak unavailable)
rCorr  .         Harm     .     (gloves unavailable)
MR     .....                    (boots unavailable)
Stlth  +++.......               (no amulet)
                                (no ring)
                                (no ring)

@: quick
A: no armour, no weapons or thrown items, stealth, claws 1, fangs 3, see
invisible, carnivore 3, speed 1, shaggy fur 1, slow metabolism 1, sharp paws
a: no special abilities


You were on level 2 of the Dungeon.
You were not hungry.

You visited 1 branch of the dungeon, and saw 2 of its levels.

You collected 51 gold pieces.

Inventory:

Scrolls
 d - a scroll of teleportation {unknown}
 e - a scroll of fear {unknown}
 i - 2 scrolls of identify {unknown}
Potions
 c - a potion of heal wounds {unknown}
 f - a potion of curing {unknown}
 g - a potion of flight {unknown}
 h - a potion of brilliance {unknown}
 j - a potion of berserk rage {unknown}
Books
 a - a book of Callings

   Spells                             Type                      Level
   a - Summon Small Mammal            Summoning                    1
   b - Call Imp                       Summoning                    2
   c - Call Canine Familiar           Summoning                    3
   d - Summon Guardian Golem          Hexes/Summoning              3
   e - Summon Lightning Spire         Summoning/Air                4
   f - Summon Ice Beast               Ice/Summoning                4
Comestibles
 b - a meat ration


   Skills:
 + Level 2.9 Dodging
 + Level 2.9 Stealth
 + Level 0.2 Unarmed Combat
 + Level 2.0 Spellcasting
 + Level 4.4 Summonings


You had 4 spell levels left.
You knew the following spells:

 Your Spells              Type           Power        Failure   Level  Hunger
a - Summon Small Mammal   Summ           ###.         4%          1    #......


Dungeon Overview and Level Annotations

Branches:
Dungeon (2/15)

Altars:


Innate Abilities, Weirdness & Mutations

You cannot wear armour.
You are incapable of wielding weapons or throwing items.
Your paws allow you to move quietly. (Stealth)
You have sharp claws.
You have razor-sharp teeth.
You have supernaturally acute eyesight. (SInv)
You are carnivorous and can eat meat at any time.
You cover ground quickly.
You are covered in fur. (AC +1)
You have a slow metabolism.
Your sharp claws are effective at attacking unaware monsters.


Message History

You scratch the worm.
The worm is lightly wounded.
You scratch the worm.
The worm is lightly wounded.
You scratch the worm.
The worm is moderately wounded.
You scratch the worm. You bite the worm, but do no damage.
The worm is moderately wounded.
You barely miss the worm.
The worm is moderately wounded.
The worm bites you.
A kobold comes into view. It is wielding a whip.
You scratch the kobold.
The kobold is heavily wounded.
The kobold misses you.
You miss the kobold.
The kobold is heavily wounded.
The kobold hits you with a whip.
Ouch! That really hurt!
You die...

#....# ###..#
#.# ##..# #.#
#...#######. #.#
#.w......... #.#
#...######## #.#
##..# #.# #..###
#.#####@...# ##
#<...)K..#.##(..
#######.........
##..).....
#...##.## #...#
.# #...# #...#
#....


You could see a worm and a kobold.

Vanquished Creatures
  A giant cockroach (D:1)
  A goblin (D:2)
  3 hobgoblins (D:1)
  A ball python (D:1)
  2 bats
  A frilled lizard (D:1)
  3 kobolds
  6 rats
18 creatures vanquished.

Notes
Turn   | Place    | Note
-------+----------+-------------------------------------------
     0 | D:1      | equalderp2856 the Felid Summoner began the quest for the Orb.
     0 | D:1      | Reached XP level 1. HP: 7/7 MP: 4/4
   754 | D:1      | Reached XP level 2. HP: 11/11 MP: 6/6
  1449 | D:2      | Slain by a kobold

Action                   || total
-------------------------++-------
Melee: Unarmed           ||    60
       Bite              ||     6
 Stab: Sleeping          ||     3
       Distracted        ||     1
  Eat: Chunk             ||     1
Armor: Skin              ||     6
Dodge: Dodged            ||    41
